 Dungeon Crawl Stone Soup version 0.27.1-2-g3b301248ec (webtiles) character file.

Game seed: 829462733770599052

169 barney the Changer (level 5, 0/40 HPs)
             Began as a Draconian Transmuter on Oct 1, 2021.
             Succumbed to an adder's poison
             ... on level 3 of the Dungeon.
             The game lasted 00:04:34 (3038 turns).

barney the Changer (Draconian Transmuter)           Turns: 3038, Time: 00:04:34

Health: 0/40       AC:  2    Str: 11 (12) XL:     5   Next: 25%
Magic:  4/8        EV: 18    Int: 13 (15) God:
Gold:   472        SH:  0    Dex: 13 (16) Spells: 2/8 levels left

rFire    . . .     SeeInvis +     - Unarmed
rCold    . . .     Faith    .   (shield currently unavailable)
rNeg     . . .     Spirit   .   (armour unavailable)
rPois    x         Reflect  .   (helmet currently unavailable)
rElec    .         Harm     .   (cloak currently unavailable)
rCorr    .         Rampage  .   (gloves currently unavailable)
Will     .....                  (boots currently unavailable)
Stlth    +.........             (no amulet)
HPRegen  0.13/turn              a - ring of see invisible
MPRegen  0.11/turn              b - ring of wizardry

@: lethally poisoned (0 -> -1), spider-form (expiring), wereblooded
A: venomous fangs, AC +5, tiny, unfitting armour, (cold-blooded)
a: End Transformation


You were on level 3 of the Dungeon.
You were a venomous arachnid creature.
You visited 1 branch of the dungeon, and saw 3 of its levels.

You collected 1122 gold pieces.
You spent 650 gold pieces at shops.

Inventory:

Armour
 d - a scarf of repulsion (melded)
Jewellery
 a - a ring of see invisible (left front leg)
 b - a ring of wizardry (right front leg)
 c - a ring of positive energy
 f - a ring of fire
Scrolls
 h - a scroll of enchant armour {unknown}
 i - 3 scrolls of identify


   Skills:
 - Level 1.1 Fighting
 - Level 1.7 Dodging
 - Level 3.0 Unarmed Combat
 - Level 2.0 Spellcasting
 + Level 5.5 Transmutations


You had 2 spell levels left.
You knew the following spells:

 Your Spells              Type           Power      Damage    Failure   Level
a - Beastly Appendage     Tmut           30%        N/A       4%          1
b - Spider Form           Tmut/Pois      4%         N/A       21%         3
c - Wereblood             Tmut           15%        N/A       5%          2

Your spell library contained the following spells:

 Spells                   Type           Power      Damage    Failure   Level
 Ice Form                 Ice/Tmut       8%         N/A       47%         4


Dungeon Overview and Level Annotations

Branches:
Dungeon (3/15)

Altars:

Shops:
D:1 =


Innate Abilities, Weirdness & Mutations

You are a venomous arachnid creature.
You have poisonous fangs.
You are tiny and dextrous.
Your spellcasting is less reliable in this form.
Your armour is entirely melded.
You are incapable of wielding weapons or throwing items.
((Your plain brown scales are hard. (AC +5)))
You cannot fit into any form of body armour.
((You are cold-blooded and may be slowed by cold attacks.))


Message History

* * * LOW HITPOINT WARNING * * *
The goblin barely misses you. The adder bites you.
* * * LOW HITPOINT WARNING * * *
The ball python bites you but does no damage.
The ball python barely misses you.
The wyvern zombie completely misses you.
You hit the adder.
You feel a bit better.
You kill the adder!
You hiss as the wereblood boils in your veins!
* * * LOW HITPOINT WARNING * * *
You feel sick. The goblin completely misses you.
The ball python bites you but does no damage.
The ball python misses you. The wyvern zombie closely misses you.
You hit the ball python.
The ball python is severely wounded.
* * * LOW HITPOINT WARNING * * *
You feel sick. The ball python barely misses you. The ball python misses you.
The goblin closely misses you. The wyvern zombie closely misses you.
You bite the ball python!
You feel a bit better.
You kill the ball python!
* * * LOW HITPOINT WARNING * * *
You feel sick. The wyvern zombie misses you.
The goblin hits you with a +0 club.
* * * LOW HITPOINT WARNING * * *
You hit the goblin.
You feel a bit better.
You kill the goblin!
You hiss as the wereblood boils in your veins!
* * * LOW HITPOINT WARNING * * *
You feel sick. The wyvern zombie misses you. x2
You completely miss the wyvern zombie.
The wyvern zombie is moderately damaged.
* * * LOW HITPOINT WARNING * * *
You feel sick. The wyvern zombie barely misses you.
You hit the wyvern zombie.
The wyvern zombie is heavily damaged.
* * * LOW HITPOINT WARNING * * *
You feel sick. The wyvern zombie closely misses you.
You hit the wyvern zombie.
The wyvern zombie is heavily damaged.
You die...

# #########+#.#
#............
#..........#
#..........#.
#.#.....)......
#.....Zs†......
###.....†......
#..........#.
##########...
.. .


You could see a wyvern zombie.

Vanquished Creatures
  Terence (D:1)
  An orc wizard (D:2)
  4 gnolls (D:2)
  4 adders
  A dart slug (D:1)
  6 orcs
  A bat (D:1)
  2 giant cockroaches (D:2)
  2 goblins
  3 hobgoblins
  2 kobolds (D:1)
  3 quokkas
  3 ball pythons
  3 frilled lizards
  7 rats
43 creatures vanquished.

Notes
Turn   | Place    | Note
-------+----------+-------------------------------------------
     0 | D:1      | barney the Draconian Transmuter began the quest for the
                  | Orb.
     0 | D:1      | Reached XP level 1. HP: 16/16 MP: 3/3
     7 | D:1      | Found Ymofruskad's Jewellery Shop.
    60 | D:1      | Found a faded altar of an unknown god.
   245 | D:1      | Reached XP level 2. HP: 17/23 MP: 3/5
   624 | D:2      | Reached skill level 3 in Transmutations
  1091 | D:2      | Reached XP level 3. HP: 15/28 MP: 4/6
  1348 | D:2      | Learned a level 3 spell: Spider Form
  1351 | D:2      | Learned a level 2 spell: Wereblood
  1402 | D:2      | Noticed Terence
  1414 | D:2      | Identified a scroll of acquirement
  1473 | D:1      | Killed Terence
  1474 | D:1      | Reached skill level 4 in Transmutations
  1843 | D:1      | Acquired 1004 gold pieces
  2013 | D:2      | Reached XP level 4. HP: 31/35 MP: 7/7
  2532 | D:1      | Bought a ring of see invisible for 150 gold pieces
  2532 | D:1      | Bought a ring of wizardry for 300 gold pieces
  2532 | D:1      | Bought a ring of positive energy for 200 gold pieces
  2949 | D:3      | Reached skill level 5 in Transmutations
  2999 | D:2      | Reached XP level 5. HP: 37/40 MP: 4/8
  3036 | D:3      | HP: 2/40 [poisoned by an adder]
  3038 | D:3      | Succumbed to an adder's poison

Illustrated notes

Levels and vault maps discovered:
D:1:      beargit_arrival_greenhouse, layout_rooms, serial_shops, shop,
          basic_ecumenical_altar, grunt_decor_cap
D:2:      layout_loops_ring, minmay_misc_feat_pillars, uniq_terence
D:3:      layout_basic, minitemple, uniq_jessica

Skill      XL: |  1  2  3  4 |
---------------+-------------+-----
Transmutations | 3 4 5 |  5.5
Fighting       | |  1.1
Dodging        | |  1.7
Unarmed Combat | |  3.0
Spellcasting   | |  2.0

Action                   |  1- 3 |  4- 6 || total
-------------------------+-------+-------++-------
Melee: Unarmed           |    77 |    63 ||   140
       Tailslap          |     5 |       ||     5
       Kick              |     7 |     2 ||     9
       Headbutt          |     3 |       ||     3
 Cast: Beastly Appendage |    18 |     2 ||    20
       Spider Form       |     2 |     5 ||     7
       Wereblood         |       |     3 ||     3
  Use: Scroll            |     5 |       ||     5
       Potion            |       |     2 ||     2
Armor: Skin              |    16 |     5 ||    21
Dodge: Dodged            |    53 |    71 ||   124
